 Dungeon Crawl Stone Soup version 0.31.0-11-ge490571c62 (webtiles) character file.

Game seed: 16281761925259406060

544092 olmar the Metallomancer (level 23, -2/148 HPs)
             Began as a Demigod Earth Elementalist on Feb 1, 2024.
             Killed from afar by a golden dragon (34 damage)
             ... with a bolt of cold
             ... on level 5 of the Vaults.
             The game lasted 03:02:09 (88883 turns).

olmar the Metallomancer (DgEE)                     Turns: 88883, Time: 03:02:10

Health: -2/148     AC: 25    Str: 18    XL:     23   Next: 68%
Magic:  6/66       EV: 18    Int: 54    God:
Gold:   3686       SH:  5    Dex:  9    Spells: 21/69 levels left

rFire   + . .        T - staff of earth
rCold   + . .        H - +1 buckler of the Gloaming {rElec rF+}
rNeg    . . .        X - +1 robe of the Rose {Regen+ rCorr Int+5 Dex-4}
rPois   .            h - +0 mask of the Dragon {Will+ Slay+3 SInv}
rElec   +            f - +2 cloak {rC+}
rCorr   +            d - +0 pair of gloves of the Gusle {rElec Str+5 SInv}
SInv    +            p - +2 pair of slick slippers {slick, slippery, EV+4}
Will    +++++        w - amulet of Fowkal {RegenMP rElec Regen+ Int+5}
Stlth   +++++++      a - ring of the Puckish God {+Blink Will+++ MP+9 Stlth+}
HPRegen 2.04/turn    q - ring of Shadows {Umbra +Inv Stlth+}
MPRegen 0.80/turn

%: random rage (3%)
@: wreathed by umbra, studying 2 skills
A: high MP 1, forlorn, divine attributes, berserk 1, frail 1, strong 1,
evolution 1
}: 3/15 runes: decaying, serpentine, slimy
a: Evoke Blink, Evoke Invisibility


You were on level 5 of the Vaults.
You visited 10 branches of the dungeon, and saw 48 of its levels.
You visited 2 bazaars.
You also visited: Bailey, Gauntlet, Ice Cave and Desolation.

You collected 8690 gold pieces.
You spent 5004 gold pieces at shops.

Inventory:

Hand Weapons
 y - the +9 lance "Wyrmbane" {slay drac, rPois rF+ rC+ AC+3}
   (You took it off a rakshasa on level 4 of the Depths)

   AC+3:      It affects your AC (+3).
   rF+:       It protects you from fire.
   rC+:       It protects you from cold.
   rPois:     It protects you from poison
Missiles
 G - 7 curare-tipped darts
Armour
 d - the +0 pair of gloves of the Gusle (worn) {rElec Str+5 SInv}
   (You took it off Nikola on level 1 of the Vaults)

   Str+5:     It affects your strength (+5).
   rElec:     It insulates you from electricity.
   SInv:      It lets you see invisible.
 f - a +2 cloak of cold resistance (worn)
 h - the +0 mask of the Dragon (worn) {Will+ Slay+3 SInv}
   (You found it in the Desolation of Salt)

   Slay+3:    It affects your accuracy & damage with ranged weapons and melee
   (+3).
   Will+:     It increases your willpower.
   SInv:      It lets you see invisible.
 p - the +2 pair of slick slippers (worn) {slick, slippery, EV+4}
   (You found it on level 2 of the Swamp)

   Slick:     Its wearer cannot be constricted, engulfed, netted or webbed.
   Slippery:  Its wearer slips away from damaging melee attacks, pulling the
   attacker onward.
   EV+4:      It affects your evasion (+4).
 H - the +1 buckler of the Gloaming (worn) {rElec rF+}
   (You bought it in a shop in a bazaar)

   rF+:       It protects you from fire.
   rElec:     It insulates you from electricity.
 X - the +1 robe of the Rose (worn) {Regen+ rCorr Int+5 Dex-4}
   (You bought it in a shop in a bazaar)

   Int+5:     It affects your intelligence (+5).
   Dex-4:     It affects your dexterity (-4).
   Regen+:    It increases your rate of health regeneration.
   rCorr:     It protects you from acid and corrosion.
Magical Staves
 T - a staff of earth (weapon)
Jewellery
 a - the ring of the Puckish God (left hand) {+Blink Will+++ MP+9 Stlth+}
   (You bought it in a shop in a bazaar)

   [ring of magical power]

   Will+++:   It greatly increases your willpower.
   MP+9:      It affects your magic capacity (+9).
   +Blink:    It lets you blink.
   Stlth+:    It makes you more stealthy.
 c - the ring "Viuff" {Fly rC+ Int+2}
   (You took it off a kobold demonologist on level 1 of the Depths)

   [ring of flight]

   Int+2:     It affects your intelligence (+2).
   rC+:       It protects you from cold.
   Fly:       It grants you flight.
 q - the ring of Shadows (right hand) {Umbra +Inv Stlth+}
   (You took it off a rakshasa on level 4 of the Depths)

   [ring of stealth]

   Umbra:     It surrounds you with an aura of shadow, increasing your stealth
   and reducing the accuracy of all others within it.
   +Inv:      It lets you turn invisible.
   Stlth+:    It makes you more stealthy.
 w - the amulet of Fowkal (around neck) {RegenMP rElec Regen+ Int+5}
   (You acquired it on level 13 of the Dungeon)

   [amulet of magic regeneration]

   RegenMP:   It increases your rate of magic regeneration.
   Int+5:     It affects your intelligence (+5).
   rElec:     It insulates you from electricity.
   Regen+:    It increases your rate of health regeneration.
 D - the ring of Fragile Peace {rPois Dex+4}
   (You found it in a Gauntlet)

   [ring of poison resistance]

   Dex+4:     It affects your dexterity (+4).
   rPois:     It protects you from poison
 S - the ring "Sileg" {Str+6 Int+4 Stlth+}
   (You found it in a Gauntlet)

   [ring of strength]

   Str+6:     It affects your strength (+6).
   Int+4:     It affects your intelligence (+4).
   Stlth+:    It makes you more stealthy.
Wands
 i - a wand of light (25)
 j - a wand of mindburst (10)
 n - a wand of digging (11)
 z - a wand of flame (111)
 Q - a wand of paralysis (11)
 R - a wand of polymorph (18)
 Z - a wand of roots (29)
Scrolls
 e - 9 scrolls of fear
 l - 2 scrolls of poison
 t - 8 scrolls of teleportation
 x - a scroll of silence
 A - 5 scrolls of revelation
 C - 3 scrolls of blinking
 J - 10 scrolls of amnesia
 N - a scroll of fog
 V - 4 scrolls of butterflies
 Y - a scroll of immolation
Potions
 b - 4 potions of magic
 g - 5 potions of heal wounds
 k - 20 potions of curing
 m - 4 potions of cancellation
 s - 8 potions of ambrosia
 u - 4 potions of resistance
 v - 3 potions of brilliance
 B - 7 potions of haste
 F - 5 potions of might
 I - 7 potions of lignification
 K - 2 potions of berserk rage
 L - 6 potions of enlightenment
 M - 5 potions of attraction
 O - 2 potions of invisibility
 P - 7 potions of mutation
Miscellaneous
 o - a box of beasts
 r - a phantom mirror
 E - a phial of floods
 U - a lightning rod (4/4)
 W - a condenser vane


   Skills:
 + Level 5.3 Fighting
 + Level 0.7(2.9) Polearms
 + Level 4.5(4.6) Staves
 - Level 2.0 Throwing
 + Level 6.8 Armour
 + Level 8.4 Dodging
 - Level 6.2 Stealth
 + Level 3.7 Shields
 + Level 23.8 Spellcasting
 + Level 18.6 Conjurations
 + Level 1.5 Summonings
 - Level 0.9 Translocations
 + Level 24.0 Earth Magic
 + Level 4.0 Alchemy
 + Level 3.7 Evocations


You had 21 spell levels left.
You knew the following spells:

 Your Spells              Type           Power      Damage    Failure   Level
a - Sandblast             Erth           100%       2d20      0%          1
b - Stone Arrow           Conj/Erth      100%       3d13      0%          3
c - Passwall              Erth           100%       N/A       0%          3
d - Brom's Barrelling Bo  Conj/Erth      100%       2d11      0%          4
e - Petrify               Alch/Erth      100%       N/A       0%          4
f - Mephitic Cloud        Conj/Alch/Air  98%        N/A       1%          3
g - Ozocubu's Armour      Ice            59%        N/A       1%          3
h - Call Canine Familiar  Summ           69%        N/A       1%          3
i - Summon Small Mammal   Summ           100%       N/A       1%          1
j - Iskenderun's Mystic   Conj/Tloc      100%       2d19      1%          4
k - Bombard               Conj/Erth      82%        9d13      0%          6
l - Lehudib's Crystal Sp  Conj/Erth      82%        10d18     1%          8
m - Lee's Rapid Deconstr  Erth           85%        3d38*     0%          5

Your spell library contained the following spells:

 Spells                   Type           Power      Damage    Failure   Level
 Foxfire                  Conj/Fire      100%       2x1d9     0%          1
 Magic Dart               Conj           100%       1d8       0%          1
 Shock                    Conj/Air       100%       1d9       0%          1
 Searing Ray              Conj           100%       2d8       0%          2
 Static Discharge         Conj/Air       100%       3-8/arc   0%          2
 Dazzling Flash           Conj/Hex       100%       N/A       0%          3
 Hailstorm                Conj/Ice       100%       3d16      0%          3
 Animate Armour           Summ/Erth      100%       N/A       0%          4
 Leda's Liquefaction      Alch/Erth      72%        N/A       0%          4
 Iskenderun's Battlesphe  Conj           100%       2d15      0%          5
 Freeze                   Ice            100%       1d10      1%          1
 Slow                     Hex            100%       N/A       1%          1
 Ensorcelled Hibernation  Hex/Ice        100%       N/A       1%          2
 Mercury Vapours          Alch/Air       100%       N/A       1%          2
 Scorch                   Fire           100%       2d9       1%          2
 Sublimation of Blood     Necr           59%        N/A       1%          2
 Confusing Touch          Hex            59%        N/A       1%          3
 Frozen Ramparts          Ice            100%       1d16      1%          3
 Fugue of the Fallen      Necr           59%        N/A       1%          3
 Gell's Gravitas          Tloc           65%        N/A       1%          3
 Inner Flame              Hex/Fire       59%        N/A       1%          3
 Sigil of Binding         Hex            59%        N/A       1%          3
 Swiftness                Air            59%        N/A       1%          3
 Teleport Other           Tloc           65%        N/A       1%          3
 Tukima's Dance           Hex            59%        N/A       1%          3
 Vampiric Draining        Necr           59%        2d10      1%          3
 Airstrike                Air            29%        2d(5-21)  1%          4
 Anguish                  Hex/Necr       29%        N/A       1%          4
 Animate Dead             Necr           59%        N/A       1%          4
 Cause Fear               Hex            29%        N/A       1%          4
 Dimensional Bullseye     Hex/Tloc       31%        N/A       1%          4
 Flame Wave               Conj/Fire      100%       2d21      1%          4
 Fulminant Prism          Conj/Alch      56%        3d24      1%          4
 Ignite Poison            Fire/Alch      72%        N/A       1%          4
 Manifold Assault         Tloc           65%        N/A       1%          4
 Olgreb's Toxic Radiance  Alch           83%        N/A       1%          4
 Sticky Flame             Fire/Alch      72%        2d12      1%          4
 Summon Blazeheart Golem  Fire/Summ      64%        N/A       1%          4
 Summon Lightning Spire   Summ/Air       64%        N/A       1%          4
 Vhi's Electric Charge    Tloc/Air       100%       N/A       1%          4
 Alistair's Intoxication  Alch           55%        N/A       1%          5
 Arcjolt                  Conj/Air       52%        1d62      1%          5
 Borgnjor's Vile Clutch   Necr/Erth      69%        N/A       1%          5
 Fireball                 Conj/Fire      52%        3d20      1%          5
 Freezing Cloud           Conj/Ice/Air   46%        6-21      1%          5
 Starburst                Conj/Fire      52%        6d14      1%          6
 Spellforged Servitor     Conj/Summ      54%        N/A       2%          7
 Summon Forest            Summ/Tloc      33%        N/A       3%          5
 Summon Mana Viper        Hex/Summ       64%        N/A       4%          5
 Curse of Agony           Necr           59%        N/A       6%          5
 Metabolic Englaciation   Hex/Ice        29%        N/A       6%          5
 Silence                  Hex/Air        29%        N/A       6%          5
 Eringya's Noxious Bog    Alch           41%        4d6       6%          6
 Sculpt Simulacrum        Ice/Alch       36%        N/A       14%         6
 Summon Cactus Giant      Summ           34%        N/A       17%         6
 Dispersal                Tloc           32%        N/A       22%         6
 Plasma Beam              Fire/Air       29%        2x1d42    32%         6
 Malign Gateway           Summ/Tloc      33%        N/A       71%         7
 Haunt                    Necr/Summ      32%        N/A       78%         7
 Enfeeble                 Hex            29%        N/A       87%         7
 Ozocubu's Refrigeration  Ice            29%        4d14      87%         7
 Ignition                 Fire           29%        3d9       100%        8
 Infestation              Necr           29%        N/A       100%        8
 Summon Horrible Things   Summ           34%        N/A       100%        8
 Dragon's Call            Summ           34%        N/A       100%        9
 Polar Vortex             Ice            29%        12d3*     100%        9


Dungeon Overview and Level Annotations

Branches:
Dungeon (15/15)            Temple (0/1) D:4            Lair (5/5) D:8
  Swamp (4/4) Lair:3        Snake (4/4) Lair:3        Slime (5/5) Lair:5
    Orc (2/2) D:11            Elf (3/3) Orc:2        Vaults (5/5) D:13
  Crypt (1/3) Vaults:2     Depths (4/4) D:15            Zot (0/5) Depths:4
 Bailey (visited)           IceCv (visited)         Desolation (visited)
Gauntlet (visited)

Shops:
D:4 ?[   D:8 (   D:9 *   Orc:2 (:?   Elf:1 *   Snake:2 ::=   Snake:3 [[(
Snake:4 *   Vaults:1 =   Vaults:4 (

Portals:
Hell: Depths:1 Depths:2 Depths:3 Depths:4
Abyss: Lair:5 Depths:2 Depths:3
Pandemonium: Orc:2 Depths:2 Depths:3
Ziggurat: Depths:2

Annotations:
D:6 3 runed translucent doors, PistonLoop's ghost, novice MiFi
D:8 3 runed translucent doors, unrecovered's ghost, journeyman FoWn
Snake:4 2 transporters, Persephone's ghost, adept DsBe


Innate Abilities, Weirdness & Mutations

You have an increased reservoir of magic. (+10% MP)
You shall have no god before yourself.
Your divine heritage dramatically boosts your attributes as you level up.
You sometimes lose your temper in combat.
You are frail. (-10% HP)
Your muscles are strong. (Str +4, Int/Dex -1)
You have hidden genetic potential.


Message History

The storm dragon is heavily wounded.
A fire giant comes into view.
It is wielding a +0 great sword of flaming.
The titan waves its arms in wide circles.
The air twists around and strikes you!
A tentacled monstrosity comes into view.
Unknown command.
Casting: Lee's Rapid Deconstruction (safe; 0% risk of failure)
Confirm with . or Enter, or press ? or * to list all spells.
Aiming: Lee's Rapid Deconstruction (safe; 0% risk of failure)
Press: ? - help, Dir - move target A heavily etched crystal wall.
You feel a surge of power!
The crystal wall shatters!
The blast of crystal shards hits the titan!!!!
You kill the titan!
The blast of crystal shards hits the tentacled monstrosity!!!!
The tentacled monstrosity is severely wounded.
The blast of crystal shards hits the storm dragon!!!
You kill the storm dragon!
The storm dragon scales are intact enough to wear.
The fire giant points at you and mumbles some strange words.
The bolt of fire hits you! You resist. The bolt of fire hits you! You resist.
The golden dragon breathes cold at you. The bolt of cold hits you!! You resist.
The bolt of cold hits you! You resist.
Unknown command.
Casting: Lee's Rapid Deconstruction (safe; 0% risk of failure)
Confirm with . or Enter, or press ? or * to list all spells.
Aiming: Lee's Rapid Deconstruction (safe; 0% risk of failure)
Press: ? - help, Dir - move target A heavily etched crystal wall.
You feel a surge of power!
The crystal wall shatters!
The blast of crystal shards hits the tentacled monstrosity!!!
You kill the tentacled monstrosity!
The fire giant points at you and mumbles some strange words.
The bolt of fire misses you. The bolt of fire hits you!! You resist.
A deep elf annihilator comes into view. It is wielding a +0 short sword.
The golden dragon breathes cold at you. The bolt of cold hits you!! You resist.
* * * LOW HITPOINT WARNING * * *
The bolt of cold hits you!! You resist.
You die...

########### ..........
.......?.
###########..[.....
..)..(.@...)†))....
............#.e..#.
.....).†....# .....
.......D....# ..#.
#################C.###
.#
#[[....|.?...........#
#
#|[).)...............#
#..##......##......###
#).##......##......###


You could see a golden dragon (catching breath), a fire giant and a deep elf
annihilator.

Vanquished Creatures
  the Royal Jelly (Slime:5)
  Sojobo (Depths:3)
  Nikola (Vaults:1)
  A golden dragon (Depths:4)
  Norris (Vaults:1)
  A lich (Vaults:1)
  4 tentacled monstrosities
  A walking divine tome (Depths:4)
  Mlioglotl (Swamp:1)
  5 titans (Vaults:5)
  3 deep elf blademasters
  3 quicksilver dragons
  2 deep elf master archers (Elf:3)
  2 sphinxes (Vaults:4)
  22 acid blobs
  3 shadow dragons
  9 tengu reavers
  Agnes (D:14)
  A thorn hunter (Swamp:4)
  2 storm dragons (Vaults:5)
  5 nagarajas
  9 fire giants
  Aizul (Swamp:3)
  A revenant (Vaults:2)
  7 rockslimes
  Louise (Swamp:1)
  15 azure jellies
  7 deep elf sorcerers
  9 frost giants
  2 iron dragons
  2 ghouls (Crypt:1)
  12 vault wardens
  5 deep elf elementalists (Elf:3)
  A caustic shrike zombie (Depths:3)
  An imperial myrmidon (Desolation)
  A draconian annihilator (Depths:4)
  22 quicksilver oozes
  2 spriggan defenders (Depths:3)
  4 orc warlords
  17 ironbound preservers
  4 ironbound thunderhulks
  A juggernaut skeleton (Depths:3)
  A very ugly thing (Vaults:5)
  Nessos (Orc:2)
  10 stone giants
  8 formless jellyfish
  14 deep elf death magi
  3 vampire knights
  7 deep elf annihilators
  3 deep elf demonologists (Elf:3)
  4 lorocyprocas
  4 halazid warlocks (Desolation)
  5 bunyips
  A white draconian (Depths:4)
  A minotaur (Gauntlet)
  A purple draconian (Depths:4)
  4 eleionomae
  2 spark wasps (Depths:3)
  6 war gargoyles
  2 yellow draconians (Depths:4)
  A dire elephant (Vaults:2)
  11 ettins
  2 entropy weavers
  An entropy weaver (shapeshifter) (Vaults:3)
  Josephine (D:14)
  5 fire dragons
  7 rakshasas
  7 crystal guardians
  6 ragged hierophants (Desolation)
  6 servants of whispers (Desolation)
  A shambling mangrove (Swamp:2)
  14 yaktaur captains
  5 deep elf high priests
  31 vault guards
  7 great orbs of eyes
  A ghost crab (Swamp:1)
  Fannar (Orc:1)
  4 ice dragons
  2 hell beasts
  2 salamander tyrants
  Erolcha (Orc:2)
  21 hydras
  6 ironbound frosthearts
  12 alligators
  2 catoblepae
  20 peacekeepers
  2 ogre magi
  A spriggan air mage (Depths:4)
  6 centaur warriors
  12 anacondas
  A demonspawn (Orc:2)
  A two-headed ogre (shapeshifter) (Vaults:5)
  8 two-headed ogres
  37 dancing weapons
  A sphinx zombie (Depths:3)
  4 boulder beetles
  8 tengu warriors
  8 death yaks
  9 naga warriors
  A boulder beetle (shapeshifter) (Vaults:3)
  4 deep troll shamans
  4 deep troll earth magi
  2 vampire magi
  A sphinx skeleton (Vaults:1)
  5 thrashing horrors
  7 shock serpents
  A spriggan berserker (Depths:3)
  3 occultists
  25 hell knights
  5 orc high priests (Orc:2)
  Sonja (Lair:4)
  9 naga sharpshooters
  A storm dragon zombie (Depths:3)
  A soul eater (Orc:2)
  3 skysharks
  29 deep elf knights
  A shining eye (shapeshifter) (Vaults:5)
  4 iron trolls
  2 salamander mystics (Snake:3)
  4 skeletal warriors
  54 deep trolls
  13 mana vipers
  An orb spider (shapeshifter) (Depths:4)
  2 flayed ghosts
  6 bog bodies
  5 goliath frogs
  6 spriggan druids
  17 swamp dragons
  15 deep elf archers
  4 glowing orange brains
  5 arcanists
  A spriggan simulacrum (Depths:3)
  A sun moth (shapeshifter) (Vaults:3)
  23 ironbound convokers
  A lindwurm (shapeshifter) (Vaults:3)
  Pikel (D:6)
  11 harpies
  An orange crystal statue (Depths:4)
  9 naga ritualists
  10 necromancers
  14 lindwurms
  14 ugly things
  32 deep elf zephyrmancers
  4 phantasmal warriors
  36 deep elf pyromancers
  18 orc knights
  3 cyclopes
  10 orc sorcerers
  5 shining eyes
  3 tengu skeletons
  3 will-o-the-wisps
  A shadow dragon skeleton (Vaults:1)
  A wolf spider (D:15)
  A fire giant zombie (Depths:3)
  15 elephants
  2 manticores
  15 salamanders
  A rust devil (Depths:3)
  6 meliai
  A meliai (shapeshifter) (Elf:1)
  2 black mambas (shapeshifter)
  2 guardian serpents (shapeshifter)
  17 guardian serpents
  39 black mambas
  16 vault sentinels
  A kobold blastminer (Orc:1)
  2 torpor snails
  A titan simulacrum (Depths:3)
  An eye of devastation (Slime:4)
  14 cane toads
  An ice statue (IceCv)
  2 molten gargoyles (Desolation)
  An eye of devastation (shapeshifter) (Vaults:3)
  2 smoke demons
  21 naga magi
  2 gargoyles
  5 rime drakes
  6 kobold demonologists
  A centaur skeleton (D:15)
  2 ice devils (Lair:1)
  An efreet (D:13)
  4 freezing wraiths
  10 komodo dragons
  2 human skeletons (Vaults:3)
  7 unseen horrors
  36 yaktaurs
  7 tengu conjurers
  A troll (shapeshifter) (Elf:3)
  12 polar bears (IceCv)
  A red devil (Orc:2)
  A queen bee (Lair:4)
  A bloated husk (Swamp:3)
  7 hornets
  A queen bee (shapeshifter) (Lair:5)
  8 trolls
  66 saltlings (Desolation)
  A glass eye (Slime:4)
  A hornet (shapeshifter) (Lair:5)
  15 blink frogs
  12 tyrant leeches
  An iron dragon simulacrum (Depths:3)
  10 dream sheep
  A raiju (Lair:5)
  A culicivora (Vaults:5)
  114 slime creatures
  2 centaur simulacra (D:15)
  A spriggan (shapeshifter) (Elf:2)
  9 wraiths
  8 spriggans
  2 ynoxinuls
  11 small abominations
  2 shadows (D:10)
  10 water elementals
  4 air elementals
  A vampire (D:12)
  7 wyverns
  A fire bat (shapeshifter) (Lair:5)
  A fire elemental (Elf:2)
  3 golden eyes (Slime:2)
  11 basilisks
  2 redbacks (Vaults:5)
  12 vampire mosquitoes
  75 yaks
  5 steam dragons
  35 nagas
  3 wargs
  Menkaure (D:6)
  2 chaos spawn (Lair:5)
  20 swamp worms
  A glowing shapeshifter zombie (Vaults:1)
  5 acid dragons
  23 water moccasins
  A glowing shapeshifter skeleton (Vaults:3)
  9 swamp drakes
  41 orc warriors
  A black bear (shapeshifter) (Vaults:3)
  2 ice beasts
  2 sky beasts
  10 ogres
  A sky beast (shapeshifter) (Elf:3)
  4 black bears
  7 boggarts
  13 centaurs
  20 wolves
  A lemure (D:6)
  A phantom (D:6)
  4 kobold brigands
  11 bullfrogs
  A necrophage (Crypt:1)
  Blork the orc (D:4)
  2 earth elementals
  3 gnoll sergeants
  4 scorpions
  23 killer bees
  8 electric eels
  4 howler monkeys
  4 bombardier beetles
  5 hounds
  2 centaur zombies
  19 orc priests
  2 gnoll boudas
  2 jellies (D:6)
  A sleepcap (D:6)
  5 iguanas
  20 orc wizards
  A killer bee zombie (D:6)
  23 gnolls
  5 adders
  3 shadow imps (D:6)
  7 white imps
  An ufetubus (D:15)
  2 ribbon worms
  5 dart slugs
  101 orcs
  6 ball pythons
  5 bats
  4 endoplasms
  2 giant cockroaches (D:1)
  12 goblins
  11 hobgoblins
  8 jackals
  12 kobolds
  5 quokkas
  5 frilled lizards
  4 rats
2202 creatures vanquished.

Vanquished Creatures (collateral kills)
  Saint Roka (Orc:2)
  Zenata (Elf:2)
  An acid blob (Slime:3)
  A deep troll shaman (Depths:2)
  A deep elf pyromancer (Elf:2)
  A harpy (Vaults:1)
  2 slime creatures (Slime:3)
  A small abomination (Lair:5)
  5 boulders
14 creatures vanquished.

Vanquished Creatures (others)
  A water elemental (Elf:2)
  2 boulders
  6 foxfires (Swamp:2)
9 creatures vanquished.

Grand Total: 2225 creatures vanquished

Notes
Turn   | Place    | Note
-------+----------+-------------------------------------------
     0 | D:1      | olmar the Demigod Earth Elementalist began the quest for
                  | the Orb.
     0 | D:1      | Reached XP level 1. HP: 14/14 MP: 5/5
   161 | D:1      | Reached skill level 3 in Earth Magic
   262 | D:1      | Reached XP level 2. HP: 18/20 MP: 2/7
  1074 | D:2      | Reached XP level 3. HP: 15/26 MP: 1/9
  1209 | D:2      | Learned a level 3 spell: Stone Arrow
  2017 | D:2      | Reached XP level 4. HP: 27/33 MP: 7/11
  2285 | D:3      | Learned a level 3 spell: Passwall
  2563 | D:3      | Reached skill level 4 in Earth Magic
  2563 | D:3      | Reached XP level 5. HP: 25/38 MP: 9/13
  2849 | D:3      | Noticed a black bear
  2856 | D:3      | Killed a black bear
  2862 | D:3      | Learned a level 4 spell: Brom's Barrelling Boulder
  3534 | D:4      | Noticed Blork the orc
  3536 | D:4      | Reached XP level 6. HP: 45/45 MP: 11/15
  3542 | D:4      | Killed Blork the orc
  3543 | D:4      | Reached skill level 1 in Conjurations
  3651 | D:4      | Found a staircase to the Ecumenical Temple.
  3655 | D:4      | Found Siwuxui's Magic Scroll Shoppe.
  3664 | D:4      | Bought a scroll of identify for 26 gold pieces
  3664 | D:4      | Bought a scroll of poison for 52 gold pieces
  3664 | D:4      | Bought a scroll of teleportation for 39 gold pieces
  3751 | D:4      | Found Woumnau's Armour Shop.
  4303 | D:4      | Reached skill level 5 in Earth Magic
  4535 | D:4      | Reached XP level 7. HP: 50/50 MP: 7/17
  4717 | D:4      | Bought a scroll of identify for 26 gold pieces
  4757 | D:5      | Entered Level 5 of the Dungeon
  4776 | D:4      | Learned a level 4 spell: Petrify
  5004 | D:5      | Reached skill level 5 in Spellcasting
  6240 | D:7      | Reached skill level 6 in Earth Magic
  6240 | D:7      | Reached XP level 8. HP: 58/58 MP: 13/20
  6617 | D:7      | Reached skill level 1 in Fighting
  6703 | D:7      | Noticed a deep elf pyromancer
  6705 | D:6      | Noticed Menkaure
  6707 | D:6      | Killed Menkaure
  7073 | D:7      | Killed a deep elf pyromancer
  7237 | D:7      | Reached skill level 7 in Earth Magic
  7294 | D:7      | Reached XP level 9. HP: 64/64 MP: 11/23
  8038 | D:6      | Identified the +3 dagger "Concordance" {distort, Int+4}
  8071 | D:6      | Found a runed translucent gate.
  8071 | D:6      | Found a runed translucent gate.
  8071 | D:6      | Found a runed translucent gate.
  8071 | D:6      | Noticed PistonLoop's ghost (novice MiFi)
  8400 | D:6      | Reached skill level 5 in Conjurations
  8619 | D:6      | Noticed Pikel
  8651 | D:6      | Killed Pikel
  8652 | D:6      | Reached skill level 8 in Earth Magic
  9109 | D:6      | Reached skill level 1 in Throwing
  9683 | D:6      | Reached XP level 10. HP: 72/72 MP: 19/26
 10219 | D:4      | Bought a scroll of vulnerability for 52 gold pieces
 10219 | D:4      | Bought a scroll of amnesia for 52 gold pieces
 10219 | D:4      | Bought a scroll of identify for 26 gold pieces
 11138 | D:8      | Found a staircase to the Lair.
 11324 | D:8      | Found Kuiruhol's Antique Weapon Shop.
 11575 | D:8      | Found a runed translucent gate.
 11577 | D:8      | Found a runed translucent gate.
 11578 | D:8      | Noticed unrecovered's ghost (journeyman FoWn)
 11579 | D:8      | Found a runed translucent gate.
 11579 | D:8      | Noticed a ten-headed hydra
 11581 | D:8      | Noticed a ten-headed hydra
 11984 | D:9      | Found Vuhug's General Store.
 11992 | D:9      | Bought a potion of haste for 130 gold pieces
 12401 | D:9      | Noticed a brown ugly thing
 12416 | D:9      | Killed a brown ugly thing
 12473 | D:9      | Noticed a cyclops
 12494 | D:9      | Killed a cyclops
 13069 | D:10     | Entered Level 10 of the Dungeon
 13162 | D:10     | Found a flagged portal.
 13170 | Bailey   | Entered a bailey
 13436 | Bailey   | Reached skill level 9 in Earth Magic
 13712 | Bailey   | Learned a level 3 spell: Mephitic Cloud
 13811 | Bailey   | Reached skill level 1 in Staves
 14081 | Bailey   | Noticed an orc knight
 14093 | Bailey   | Killed an orc knight
 14094 | Bailey   | Reached XP level 11. HP: 63/79 MP: 7/28
 14229 | Bailey   | Reached XP level 12. HP: 85/85 MP: 28/30
 14235 | D:10     | Reached skill level 10 in Spellcasting
 15442 | D:10     | Reached skill level 10 in Earth Magic
 15949 | Lair:1   | Entered Level 1 of the Lair of Beasts
 15961 | Lair:1   | Reached skill level 5 in Armour
 16128 | Lair:1   | Found a frozen archway.
 16161 | IceCv    | Entered an ice cave
 18176 | IceCv    | Noticed a frost giant
 18470 | IceCv    | Killed a frost giant
 18760 | IceCv    | Reached skill level 11 in Earth Magic
 19042 | IceCv    | Reached XP level 13. HP: 93/93 MP: 19/32
 20211 | D:11     | Found a staircase to the Orcish Mines.
 20460 | D:11     | Reached skill level 10 in Conjurations
 21937 | Orc:1    | Entered Level 1 of the Orcish Mines
 22489 | Orc:1    | Noticed Fannar
 23875 | Lair:1   | Reached skill level 5 in Dodging
 24136 | Lair:1   | Identified the +8 hand axe of the Doomed Warrior {pain,
                  | Will++ Str+2}
 24962 | Lair:2   | Reached skill level 12 in Earth Magic
 26434 | Lair:3   | Found a gate leading to a gauntlet.
 26455 | Lair:3   | Reached XP level 14. HP: 30/100 MP: 0/35
 26461 | Gauntlet | Entered a Gauntlet
 26461 | Gauntlet | Found a transporter.
 26605 | Gauntlet | Found a transporter.
 26606 | Gauntlet | Found a transporter.
 26617 | Gauntlet | Found a transporter.
 26620 | Gauntlet | Found a transporter.
 26629 | Gauntlet | Found a transporter.
 26645 | Gauntlet | Found a transporter.
 26657 | Gauntlet | Found a transporter.
 26669 | Gauntlet | Found a transporter.
 26683 | Gauntlet | Found a transporter.
 26696 | Gauntlet | Found a runed translucent door.
 26697 | Gauntlet | Found a transporter.
 26697 | Gauntlet | Found a transporter.
 26698 | Gauntlet | Found a runed translucent door.
 26737 | Gauntlet | Found a transporter.
 26754 | Gauntlet | Found a transporter.
 26837 | Gauntlet | Learned a level 3 spell: Ozocubu's Armour
 26841 | Gauntlet | Learned a level 3 spell: Call Canine Familiar
 27169 | Gauntlet | Learned a level 1 spell: Summon Small Mammal
 27222 | Gauntlet | Identified the ring of Fragile Peace {rPois Dex+4}
 27406 | Gauntlet | Identified the ring "Sileg" {Str+6 Int+4 Stlth+}
 27406 | Gauntlet | Identified the +4 sling "Doala" {antimagic, *Corrode +Blink
                  | Str+3 Int+2}
 27843 | Lair:3   | Found a staircase to the Snake Pit.
 28540 | Lair:3   | Found a staircase to the Swamp.
 28884 | Orc:1    | Noticed an orc warlord
 29306 | Lair:4   | Noticed Sonja
 29314 | Lair:4   | Killed Sonja
 29503 | Lair:4   | Learned a level 4 spell: Iskenderun's Mystic Blast
 29812 | Lair:4   | Identified the +2 robe "Pidiots" {Harm rCorr Int+3 Dex-5}
 29898 | Lair:4   | Found a dark tunnel.
 30431 | Lair:4   | Reached skill level 5 in Stealth
 30778 | Lair:5   | Entered Level 5 of the Lair of Beasts
 31222 | Lair:5   | Found a one-way gate to the infinite horrors of the Abyss.
 31727 | D:11     | Killed an orc warlord
 31728 | D:11     | Reached skill level 1 in Summonings
 31958 | D:12     | Got the Discursus on Spelunking
 31966 | D:12     | Learned a level 6 spell: Bombard
 32618 | D:13     | Reached skill level 13 in Earth Magic
 32649 | D:13     | Identified 2 scrolls of acquirement
 32669 | D:13     | Acquired 1056 gold pieces
 32681 | D:13     | Found a gate to the Vaults.
 32793 | D:13     | Reached skill level 1 in Shields
 32878 | D:13     | Found a flickering gateway to a bazaar.
 32884 | Bazaar   | Entered a bazaar
 32884 | Bazaar   | Found Kusm's Jewellery Shop.
 32884 | Bazaar   | Found Letunor's Antique Weapon Emporium.
 32962 | Bazaar   | Found Inkiubb's General Store.
 32970 | Bazaar   | Found Jumid's Magic Scroll Boutique.
 32980 | Bazaar   | Found Zuchos's Antique Armour Emporium.
 33016 | Bazaar   | Bought a faintly glowing buckler for 142 gold pieces
 33016 | Bazaar   | Identified the +1 buckler of the Gloaming {rElec rF+} (You
                  | bought it in a shop in a bazaar)
 33028 | Bazaar   | Bought the +1 robe of the Rose {Regen+ rCorr Int+5 Dex-4}
                  | for 387 gold pieces
 33064 | Bazaar   | Bought an amulet of regeneration for 480 gold pieces
 33094 | D:13     | Acquired the amulet of Fowkal {RegenMP rElec Regen+ Int+5}
 34104 | Lair:4   | Reached XP level 15. HP: 73/110 MP: 10/37
 35442 | Lair:5   | Found a runed translucent door.
 35444 | Lair:5   | Noticed an acid blob
 35445 | Lair:5   | Found a staircase to the Slime Pits.
 35887 | Orc:1    | Killed Fannar
 36159 | Orc:2    | Entered Level 2 of the Orcish Mines
 36181 | Orc:2    | Found a staircase to the Elven Halls.
 36443 | Orc:2    | Noticed Nessos
 36451 | Orc:2    | Killed Nessos
 36800 | Orc:2    | Noticed Erolcha
 36818 | Orc:2    | Killed Erolcha
 36819 | Orc:2    | Noticed Saint Roka
 36866 | Orc:2    | Killed Saint Roka
 37468 | Orc:2    | Found Bopp's Distillery.
 37478 | Orc:2    | Found Fotuoc's Magic Scroll Shoppe.
 37710 | Orc:2    | Bought a potion of heal wounds for 70 gold pieces
 37710 | Orc:2    | Bought a potion of might for 56 gold pieces
 37710 | Orc:2    | Bought a potion of heal wounds for 70 gold pieces
 37710 | Orc:2    | Bought a potion of lignification for 42 gold pieces
 37710 | Orc:2    | Bought a potion of enlightenment for 70 gold pieces
 37710 | Orc:2    | Bought a potion of haste for 140 gold pieces
 37710 | Orc:2    | Bought a potion of resistance for 140 gold pieces
 37710 | Orc:2    | Bought a potion of enlightenment for 70 gold pieces
 37712 | Orc:2    | Bought a scroll of identify for 28 gold pieces
 37712 | Orc:2    | Bought a scroll of revelation for 105 gold pieces
 37712 | Orc:2    | Bought a scroll of revelation for 105 gold pieces
 37712 | Orc:2    | Bought a scroll of identify for 28 gold pieces
 37712 | Orc:2    | Bought a scroll of fear for 56 gold pieces
 37712 | Orc:2    | Bought a scroll of teleportation for 42 gold pieces
 37712 | Orc:2    | Bought a scroll of blinking for 105 gold pieces
 38305 | Orc:2    | Reached skill level 14 in Earth Magic
 38688 | Orc:2    | Found Danipn's Book Boutique.
 38688 | Orc:2    | Found Newamm's Antique Weapon Shop.
 38689 | Orc:2    | Found a one-way gate leading to the halls of Pandemonium.
 38800 | Elf:1    | Entered Level 1 of the Elven Halls
 39031 | Elf:1    | Learned a level 8 spell: Lehudib's Crystal Spear
 39893 | Elf:1    | Reached XP level 16. HP: 113/116 MP: 8/40
 40819 | Elf:1    | Reached skill level 15 in Spellcasting
 41259 | Elf:1    | Found Cigataant's General Store.
 42142 | Elf:2    | Noticed Zenata
 42144 | Elf:2    | Paralysed by an air elemental for 1 turns
 42162 | Elf:2    | Killed Zenata
 42431 | Elf:2    | Reached skill level 15 in Earth Magic
 42564 | Elf:2    | Found a runed translucent gate.
 42564 | Elf:2    | Found a runed translucent gate.
 42574 | Elf:2    | Found a runed translucent gate.
 43736 | Elf:3    | Entered Level 3 of the Elven Halls
 43736 | Elf:3    | Noticed a deep elf blademaster
 44532 | D:14     | Noticed Agnes
 44534 | D:14     | Killed Agnes
 44696 | D:14     | Noticed Josephine
 44716 | D:14     | Killed Josephine
 45975 | D:15     | Entered Level 15 of the Dungeon
 46284 | D:15     | Reached XP level 17. HP: 123/123 MP: 27/42
 46982 | D:15     | Found a staircase to the Depths.
 47512 | Snake:1  | Entered Level 1 of the Snake Pit
 48908 | Snake:1  | Reached skill level 15 in Conjurations
 49202 | Snake:2  | Reached skill level 16 in Earth Magic
 49991 | Snake:2  | Found Naidgh's Jewellery Shop.
 49991 | Snake:2  | Found Ducoug's Book Shoppe.
 49992 | Snake:2  | Found Cammur's Book Shoppe.
 51119 | Snake:3  | Found Tuank's Antique Armour Emporium.
 51130 | Snake:3  | Found Sodd's Armour Shoppe.
 51132 | Snake:3  | Found Feam's Weapon Emporium.
 51198 | Snake:3  | Bought a polished helmet for 323 gold pieces
 51198 | Snake:3  | Identified the +1 helmet "Hokoppis" {rCorr SInv} (You
                  | bought it in a shop on level 3 of the Snake Pit)
 51915 | Swamp:1  | Entered Level 1 of the Swamp
 51930 | Swamp:1  | Noticed Louise
 52129 | Swamp:1  | Killed Louise
 52572 | Swamp:1  | Noticed Mlioglotl
 52577 | Swamp:1  | Killed Mlioglotl
 53312 | Swamp:2  | Learned a level 5 spell: Lee's Rapid Deconstruction
 53364 | Swamp:2  | Found the +2 pair of slick slippers {slick, slippery, EV+4}
 53545 | Snake:4  | Entered Level 4 of the Snake Pit
 53545 | Snake:4  | Found Japanuc's Assorted Antiques.
 53551 | Snake:4  | Bought a scroll of fear for 136 gold pieces
 53576 | Snake:4  | Reached XP level 18. HP: 130/130 MP: 6/44
 54240 | Snake:4  | Noticed Persephone's ghost (adept DsBe)
 54709 | Snake:4  | Found a transporter.
 54713 | Snake:4  | Found a transporter.
 54928 | Snake:4  | Reached skill level 17 in Earth Magic
 56023 | Snake:4  | Got a serpentine rune of Zot
 57441 | Swamp:3  | Identified the serpent talisman of Sacee {Dex+3}
 57441 | Swamp:3  | Noticed Aizul
 57446 | Swamp:3  | Killed Aizul
 57924 | Swamp:4  | Entered Level 4 of the Swamp
 58890 | Swamp:4  | Identified the +1 spear "Xupucrorr" {venom, Str+4 Dex+3}
 58969 | Swamp:4  | Found the +6 lightning scales {swift, rElec}
 59028 | Swamp:4  | Got a decaying rune of Zot
 59504 | Vaults:1 | Entered Level 1 of the Vaults
 59684 | Vaults:1 | Reached skill level 18 in Earth Magic
 59692 | Vaults:1 | Reached XP level 19. HP: 136/136 MP: 12/47
 60553 | Vaults:1 | Noticed Norris
 60601 | Vaults:1 | Killed Norris
 63876 | Elf:3    | Got the Handbook of Doomed Fever
 64492 | Elf:3    | Reached skill level 19 in Earth Magic
 64498 | Elf:3    | Identified the ring of the Cuttlefish {Ice rPois Will++
                  | MP-9 Slay+2}
 65864 | Elf:3    | Identified the amulet of Zela Noj {Acrobat Str-3 Dex+7
                  | SInv}
 66066 | Elf:3    | Identified the +1 hand axe "Epluog" {flame, rF+}
 66398 | Elf:3    | Reached XP level 20. HP: 126/144 MP: 33/49
 66538 | Elf:3    | Got the Parchment of the Tincture and the Nimbus
 66573 | Elf:3    | Identified the staff of Grandeur {rPois rC++ Int+4 Stlth-
                  | Alchemy}
 66587 | Elf:3    | Identified the staff of the Foremost Ears {^Contam rElec
                  | Str+2 Fire Air}
 66933 | Vaults:1 | Identified the +0 pair of gloves of the Gusle {rElec Str+5
                  | SInv}
 66933 | Vaults:1 | Noticed Nikola
 66942 | Vaults:1 | Killed Nikola
 67298 | Vaults:1 | Identified the +1 robe of the Dwarven Hall {Rampage rC+
                  | Will+++ Regen+}
 67364 | Vaults:1 | Found Ycliomor's Jewellery Shoppe.
 67873 | Vaults:2 | Found a staircase to the Crypt.
 67898 | Vaults:2 | Found a crumbling gateway.
 67907 | Desolati | Entered the Desolation of Salt
 68161 | Desolati | Identified the +1 flail of the Elven Halls {speed, ^Fragile
                  | +Blink Will+ Int+2}
 68410 | Desolati | Reached skill level 20 in Earth Magic
 68427 | Desolati | Got the Opusculum on Tinctures
 68437 | Desolati | Found the +0 mask of the Dragon {Will+ Slay+3 SInv}
 68856 | Desolati | Identified the amulet "Afeaz" {Acrobat Int+2 Dex+3}
 69110 | Desolati | Identified the +5 ring mail of the End {Harm}
 69114 | Desolati | Identified the +11 war axe "Taidedyg" {vamp, rC+ Int+2}
 69115 | Desolati | Identified the +1 cloak of Anaesthesia {Int+6}
 69228 | Desolati | Got the Compilation of the Jinx
 71266 | Vaults:3 | Reached XP level 21. HP: 150/150 MP: 34/52
 73092 | Vaults:4 | Reached skill level 21 in Earth Magic
 73470 | Vaults:4 | Found Ocarphosm's Weapon Boutique.
 74391 | Vaults:5 | Entered Level 5 of the Vaults
 74392 | Vaults:5 | Noticed a golden dragon
 74810 | Slime:1  | Entered Level 1 of the Pits of Slime
 75627 | Slime:2  | Gained mutation: You are frail. (-10% HP) [a shining eye]
 76589 | Slime:5  | Entered Level 5 of the Pits of Slime
 76879 | Slime:2  | Gained mutation: You sometimes lose your temper in combat.
                  | [a shining eye]
 76880 | Slime:2  | Gained mutation: You occasionally shout uncontrollably at
                  | your foes. [a shining eye]
 76945 | Slime:2  | Gained mutation: You have hidden genetic defects. [a
                  | shining eye]
 77047 | Slime:2  | Lost mutation: You occasionally shout uncontrollably at
                  | your foes. [potion of mutation]
 77047 | Slime:2  | Lost mutation: You have hidden genetic defects. [potion of
                  | mutation]
 77047 | Slime:2  | Lost mutation: You sometimes lose your temper in combat.
                  | [potion of mutation]
 77047 | Slime:2  | Gained mutation: You have hidden genetic potential. [potion
                  | of mutation]
 77047 | Slime:2  | Gained mutation: Your muscles are strong. (Str +4, Int/Dex
                  | -1) [potion of mutation]
 77158 | Slime:2  | Gained mutation: You sometimes lose your temper in combat.
                  | [a shining eye]
 77459 | Slime:2  | Reached XP level 22. HP: 141/141 MP: 42/54
 78613 | Depths:1 | Entered Level 1 of the Depths
 78854 | Depths:1 | Reached skill level 5 in Fighting
 79022 | Depths:1 | Identified the ring "Viuff" {Fly rC+ Int+2}
 79029 | Depths:1 | Reached skill level 22 in Earth Magic
 79215 | Depths:1 | Found a gateway to Hell.
 80287 | Depths:2 | Found a flickering gateway to a bazaar.
 80309 | Bazaar   | Entered a bazaar
 80373 | Bazaar   | Found Huher's Jewellery Emporium.
 80373 | Bazaar   | Found Xyuf's Magic Scroll Emporium.
 80374 | Bazaar   | Found Paoseesh's Distillery.
 80380 | Bazaar   | Bought the ring of the Puckish God {+Blink Will+++ MP+9
                  | Stlth+} for 648 gold pieces
 80385 | Bazaar   | Found Dogg's Assorted Antiques.
 80394 | Bazaar   | Bought a scroll of teleportation for 33 gold pieces
 80394 | Bazaar   | Bought a scroll of fear for 44 gold pieces
 80420 | Bazaar   | Bought a potion of haste for 110 gold pieces
 80420 | Bazaar   | Bought a potion of haste for 110 gold pieces
 80420 | Bazaar   | Bought a potion of brilliance for 44 gold pieces
 80420 | Bazaar   | Bought a potion of curing for 33 gold pieces
 80426 | Bazaar   | Bought a potion of lignification for 33 gold pieces
 80441 | Bazaar   | Bought a potion of invisibility for 232 gold pieces
 80441 | Bazaar   | Bought a potion of invisibility for 232 gold pieces
 80443 | Bazaar   | Bought a wand of light (4) for 487 gold pieces
 80533 | Depths:2 | Found a one-way gateway to a ziggurat.
 82001 | Depths:3 | Acquired 913 gold pieces
 82175 | Depths:3 | Noticed Sojobo
 82182 | Depths:3 | Killed Sojobo
 83086 | Depths:4 | Entered Level 4 of the Depths
 84237 | Depths:4 | Found a gate to the Realm of Zot.
 84348 | Depths:4 | Reached skill level 23 in Earth Magic
 85080 | Crypt:1  | Entered Level 1 of the Crypt
 85502 | Slime:5  | Reached XP level 23. HP: 138/148 MP: 38/56
 85662 | Slime:5  | Noticed the Royal Jelly
 85878 | Slime:5  | Killed the Royal Jelly
 86018 | Slime:5  | Got a slimy rune of Zot
 86075 | Slime:5  | Identified the staff of Doom {^Contam rF+ MP+9 Int+2 Fire}
 86096 | Slime:5  | Got the Atlas of Indurated Anthracomancy
 88690 | Vaults:5 | Identified the staff of Vaore {rC- Str+4 Int+9 Conj}
 88879 | Vaults:5 | Reached skill level 24 in Earth Magic
 88883 | Vaults:5 | Killed from afar by a golden dragon

Illustrated notes

Levels and vault maps discovered:
D:1:      minmay_arrival_stair_chambers, layout_rooms,
          ebering_ecumenical_altar_hall
D:2:      layout_loops_corners
D:3:      kennysheep_six_static_rooms, layout_basic,
          lemuel_coloured_pillars_altar, guppyfry_early_orc_mine
D:4:      layout_gridville, minmay_temple_entry_drinking_statues, serial_shops,
          shop, shop, uniq_blork_the_orc
D:5:      layout_gridville, amcnicky_mini_corridor_feature
D:6:      kennysheep_windowed_halls, layout_rooms,
          nicolae_yredelemnul_ghost_church, uniq_menkaure, uniq_pikel
D:7:      layout_basic, guppyfry_early_elven_hall
D:8:      layout_rooms, mainiacjoe_overflow_24_doors,
          chequers_temple_overflow_statue_of_worship, erik_lair_orcish_takeover,
          serial_shops, shop_fountains, gammafunk_ghost_hydra_chop,
          grunt_decor_mini_mirrors
D:9:      minmay_curly_fans, layout_gridville, mainiacjoe_overflow_alcove_4,
          nicolae_overflow_hidden_temple, gammafunk_temple_overflow_claw,
          serial_shops, nicolae_shop_statue_plus
D:10:     minmay_razor_zed, layout_irregular_city, enter_bailey_4
D:11:     layout_small_grid, orc_0_dummy
D:12:     layout_roguey
D:13:     layout_grid_maze, david_vaults_1, serial_shops, bzr_entry_safe,
          glass_columns_c, nicolae_elyvilon_temple_path
D:14:     minmay_clustersquares, layout_irregular_city,
          serial_library_hellmonk_filled_rooms, hangedman_decor_riveting,
          uniq_agnes, uniq_josephine
D:15:     grunt_enter_depths_magical_seal, layout_cave_pools, bh_walls_and_bars,
          serial_ice, serial_ice_k, serial_ice_o, serial_ice_e, serial_ice_d,
          serial_ice_m
Lair:1:   layout_chaotic_city, portal_ice_cave_demonic_guard
Lair:2:   layout_concentric_octagons, grunt_megastairs_1
Lair:3:   layout_chaotic_city, nicolae_swamp_entry_splash_gauntlet,
          dummy_snake_entry, gauntlet_entry_generic, serial_bayou_shore_b,
          grunt_megastairs_4
Lair:4:   layout_concentric_octagons, special_room [special_room_bee],
          enter_volcano_4, serial_bayou_shore_b, uniq_sonja
Lair:5:   hellmonk_lair_end_abyssal_woods, layout_hall_layers, slime_entry_2
Swamp:1:  layout_basic_swamp, evilmike_swamp_ruin_rubble_2, swamp_pool_1_2,
          infiniplex_staircase_pool_2, uniq_louise, uniq_mlioglotl
Swamp:2:  layout_falls_marsh, nicolae_swamp_stuck_in_the_mud
Swamp:3:  layout_basic_swamp, nicolae_swamp_dense_foliage, swamp_pool_1_2,
          st_swamp_ruins_3, uniq_aizul
Swamp:4:  swamp, layout_basic_swamp, swamp_pool_4
Snake:1:  layout_basic, serial_bayou_shore_a
Snake:2:  layout_honeycomb, minmay_shop_grove
Snake:3:  layout_cave_town, minmay_shop_star
Snake:4:  hellmonk_snake_rune_quicksilver_temple, layout_concentric_octagons,
          gammafunk_ghost_abyssal_escape, serial_shops, shop
Slime:1:  layout_caves
Slime:2:  layout_caves
Slime:3:  layout_caves
Slime:4:  layout_caves, nicolae_slime_round_cave
Slime:5:  slime_pit
Orc:1:    layout_caves, basic_altar, uniq_fannar
Orc:2:    pf_orc_diabolical, layout_caves, uniq_saint_roka, uniq_erolcha,
          uniq_nessos
Elf:1:    eino_elf_arrival_the_gate, layout_gridlike, serial_shops,
          nicolae_take_the_stairs, hangedman_elven_crosses_minicolossus,
          roderic_lattice_octagonal_star
Elf:2:    nicolae_elf_blades_splatter_lattice [nicolae_blade_entry_pointy_end],
          layout_loops_ring, basic_altar, grunt_ministairs_1, evilmike_minifort,
          uniq_zenata
Elf:3:    elf_hall, layout_geoelf_castle, minmay_the_grid_2x2
          [minmay_the_grid_broken_lines, minmay_the_grid_tree,
          minmay_the_grid_minigrid_large, minmay_the_grid_prize_diamond_cup]
Vaults:1: nicolae_vaults_offset_grid_hallway_1,
          vaults_room_grunt_arrival_checkpoint, grunt_tower_of_power,
          nicolae_vaults_angled_halls, v_misc_3,
          nicolae_vaults_little_squares_2, nicolae_vaults_closet_pinwheel_2,
          nicolae_vaults_trapezoid_lopsided_2, hangedman_vaults_capsules,
          v_misc_24, vaults_room_pool, nicolae_vaults_little_squares_2,
          v_misc_11, layout_vaults_big_room, serial_shops, nicolae_diamond_shop,
          uniq_nikola, uniq_norris
Vaults:2: portal_desolation_entry_ruin, minmay_crypt_entry_simple_corners,
          hangedman_vaults_cutoff, vaults_mumra_lcd, v_misc_17, v_misc_30,
          ontoclasm_vaults_pinch, v_rooms_3, nicolae_vaults_closet_pinwheel_1,
          ontoclasm_vaults_spin, nicolae_vaults_door_testing_chamber,
          ontoclasm_vaults_shuriken, layout_vaults_maze_snakey
Vaults:3: grunt_vaults_twisty, hangedman_vaults_pinch, hangedman_vaults_stagger,
          nicolae_vaults_loss_of_containment, vaults_room_pools,
          nicolae_vaults_tetromino_L_1, v_misc_27, vaults_dpeg_cross,
          vaults_dpeg_ring, v_rooms_4, nicolae_vaults_trapezoid_2,
          layout_vaults_omnicross
Vaults:4: vaults_mumra_hexcomb, nicolae_vaults_mini_display_case,
          nicolae_vaults_two_Ls, nicolae_vaults_heist, hangedman_vaults_trim,
          vaults_mumra_chevron_long, grunt_vaults_hallway_short,
          vaults_room_pools, nicolae_vaults_closet_pinwheel_4,
          nicolae_vaults_house_2, nicolae_vaults_octagons, v_alt_pattern_1,
          nicolae_vaults_little_squares_5, layout_vaults_ring, serial_shops,
          nicolae_shop_bloodbath_and_beyond
Vaults:5: serial_shops
Crypt:1:  layout_catacombs, nicolae_crypt_lounge_for_the_living
Depths:1: layout_honeycomb, hell_entry, okawaru_ov_weapons_minmay,
          dreamdust_wishing_well, nrook_kobold_shadow_demons,
          grunt_megastairs_5, serial_bayou_shore_b
Depths:2: minmay_inner_zag, layout_basic, enter_ziggurat_f, serial_shops,
          bzr_entry_road, rand_demon_pan_entry_8, hell_entry, abyss_entry,
          minivault_1, infiniplex_staircase_split_hallway
Depths:3: minmay_inside_and_out, layout_honeycomb, hangedman_abyss_entry_splay,
          hell_entry, rand_demon_pan_entry_4, firewood_loft, uniq_sojobo
Depths:4: evilmike_zot_entry_basic, layout_gridlike, hell_entry, serial_glass,
          glass_columns_b, glass_columns_a, horrible_house_mu

Skill      XL: |  1  2  3  4  5  6  7  8  9 10 11 12 13 14 15 16 17 18 19 20 21 22 23 |
---------------+----------------------------------------------------------------------+-----
Earth Magic    | 3 4 5 6 7 8 9 11 12 13 14 15 16 18 19 20 21 23 24 | 24.0
Spellcasting   | 2 3 4 5 6 8 9 11 12 13 14 15 16 18 19 20 21 22 23 | 23.8
Dodging        | 2 3 4 5 6 7 8 |  8.4
Stealth        | 2 3 4 5 6 |  6.2
Conjurations   | 1 2 3 5 7 8 9 11 13 14 15 16 17 18 | 18.6
Fighting       | 1 2 3 4 5 |  5.3
Throwing       | 1 2 |  2.0
Staves         | 1 2 3 4 |  4.5
Armour         | 4 5 6 |  6.8
Alchemy        | 2 3 4 |  4.0
Evocations     | 3 |  3.7
Summonings     | 1 |  1.5
Shields        | 1 2 3 |  3.7
Polearms       | |  0.7
Translocations | |  0.9

Action                     |  1- 3 |  4- 6 |  7- 9 | 10-12 | 13-15 | 16-18 | 19-21 | 22-24 || total
---------------------------+-------+-------+-------+-------+-------+-------+-------+-------++-------
  Melee: Staff             |       |     4 |    23 |    60 |   212 |    66 |   213 |    32 ||   610
         Punch             |       |       |       |     2 |     3 |       |       |       ||     5
         Hand axe          |       |       |       |       |       |     1 |       |       ||     1
         Lance             |       |       |       |       |       |       |       |    20 ||    20
  Throw: Dart              |       |       |     2 |    16 |    19 |       |     4 |       ||    41
         Javelin           |       |       |       |       |     5 |       |       |       ||     5
   Cast: Sandblast         |    84 |    63 |    14 |    19 |    75 |     9 |     2 |     2 ||   268
         Stone Arrow       |       |    38 |   143 |   329 |   864 |    41 |    12 |       ||  1427
         Brom's Barrelling |       |       |     2 |     3 |     3 |       |       |       ||     8
         Mephitic Cloud    |       |       |       |     4 |    30 |    13 |     3 |       ||    50
         Petrify           |       |       |       |     6 |     6 |       |     1 |       ||    13
         Bombard           |       |       |       |       |    88 |   713 |    45 |    42 ||   888
         Call Canine Famil |       |       |       |       |     8 |     2 |     2 |       ||    12
         Iskenderun's Myst |       |       |       |       |     6 |       |     7 |     9 ||    22
         Ozocubu's Armour  |       |       |       |       |     6 |       |       |       ||     6
         Summon Small Mamm |       |       |       |       |     2 |     1 |       |       ||     3
         Lee's Rapid Decon |       |       |       |       |       |    63 |   323 |   274 ||   660
         Lehudib's Crystal |       |       |       |       |       |     1 |   282 |   129 ||   412
         Passwall          |       |       |       |       |       |       |     1 |       ||     1
  Evoke: Wand              |       |       |       |    27 |    55 |    15 |    14 |       ||   111
         Phial of floods   |       |       |       |       |     5 |     2 |     3 |     1 ||    11
         Phantom mirror    |       |       |       |       |     2 |     3 |     2 |     1 ||     8
         Lightning rod     |       |       |       |       |       |     7 |     7 |     4 ||    18
         Box of beasts     |       |       |       |       |       |       |     1 |     1 ||     2
    Use: Scroll            |       |     3 |     2 |     6 |    29 |     4 |    19 |     5 ||    68
         Potion            |       |       |     1 |     4 |    10 |     2 |     5 |     4 ||    26
   Stab: Confused          |       |       |       |       |    10 |       |       |       ||    10
         Petrified         |       |       |       |       |     1 |       |       |       ||     1
         Paralysed         |       |       |       |       |       |     1 |       |       ||     1
 Armour: Robe              |    35 |    32 |    67 |    43 |   162 |   280 |   303 |   154 ||  1076
         Troll leather arm |       |       |       |   118 |   385 |       |       |       ||   503
         Skin              |       |       |       |       |    38 |       |       |       ||    38
  Dodge: Dodged            |    26 |    28 |    39 |   173 |   739 |   285 |   278 |   111 ||  1679
  Block: Other             |       |       |       |       |    37 |       |       |       ||    37
         Buckler           |       |       |       |       |    63 |    65 |    87 |    43 ||   258
         Reflection        |       |       |       |       |     1 |       |       |       ||     1
